Map: Ruines de Seras

Players

Faith - Winner!

  • Race: Zerg Zerg
  • League: Master

Genix

  • Race: Protoss Protoss
  • League: Grandmaster

VOD

Have the link to the VOD?

Description

Time

  • Played on: Jan. 18, 2016, 12:34 p.m.
  • Length: 9:01
Show
View Real Time Build Order
Export as new Build Order

Faith Zerg - Winner!

Build Orders: Hatch First 

Get SALT Encoding   

  12  0:01  Drone  
  13  0:13  Overlord  
  13  0:18  Drone  
  14  0:31  Drone x2  
  16  0:35  Drone  
  17  0:54  Hatchery  
  16  0:57  Drone  
  16  1:00  Drone  
  18  1:14  Spawning Pool  
  18  1:17  Extractor  
  16  1:19  Drone  
  16  1:22  Drone  
  18  1:29  Drone  
  19  1:39  Overlord  
  19  1:51  Drone  
  20  2:01  Zergling x2, Queen  
  22  2:05  Queen  
  22  2:06  Drone  
  26  2:12  Drone  
  27  2:17  Metabolic Boost  
  27  2:18  Drone  
  28  2:23  Drone  
  28  2:29  Drone  
  30  2:33  Drone  
  31  2:38  Drone  
  33  2:44  Drone  
  33  2:52  Overlord  
  33  2:55  Hatchery  
  32  3:00  Drone x2  
  34  3:05  Zergling x2  
  34  3:09  Zergling x2  
  36  3:14  Zergling x4  
  36  3:16  Drone x2  
  36  3:17  Drone x2  
  42  3:23  Overlord  
  42  3:26  Drone  
  43  3:29  Extractor  
  41  3:34  Roach Warren  
  41  3:38  Zergling x2  
  41  3:41  Overlord  
  41  3:44  Drone  
  41  3:45  Drone x3  
  45  3:50  Evolution Chamber  
  45  3:51  Drone x2  
  46  3:57  Drone x3  
  48  4:08  Drone x3  
  51  4:10  Queen  
  53  4:23  Lair  
  51  4:24  Zerg Missile Weapons Level 1  
  51  4:27  Drone x5  
  51  4:29  Drone  
  51  4:30  Drone  
  58  4:33  Spore Crawler  
  58  4:35  Spore Crawler  
  56  4:38  Spore Crawler  
  56  4:39  Drone  
  56  4:44  Overlord  
  56  4:50  Drone x4, Extractor  
  58  4:53  Drone  
  58  4:55  Overlord  
  58  4:58  Drone x3  
  63  5:00  Drone  
  63  5:07  Overlord x3  
  63  5:17  Roach x4  
  71  5:24  Roach x4  
  71  5:26  Glial Reconstitution  
  79  5:30  Roach x2  
  79  5:33  Drone x2  
  79  5:34  Drone, Extractor  
  85  5:39  Roach x2  
  85  5:40  Roach  
  91  5:44  Overlord x2  
  91  5:46  Ravager  
  91  5:47  Ravager x3  
  95  5:53  Spine Crawler  
  95  5:56  Zergling x8  
  95  5:57  Zergling x6  
  101  6:06  Roach  
  101  6:07  Roach x5  
  101  6:11  Extractor  
  112  6:16  Overlord x3  
  112  6:17  Overlord  
  112  6:30  Roach x5  
  121  6:34  Zerg Missile Weapons Level 2  
  118  6:42  Roach x6  
  118  6:46  Overseer  
  129  6:53  Zergling x10  
  129  6:54  Spine Crawler  
  133  6:56  Baneling Nest  
  133  7:01  Zergling x2  
  133  7:08  Roach x7  
  147  7:19  Ravager  
  147  7:20  Ravager  
  147  7:21  Overlord x3  
  147  7:22  Overlord  
  145  7:33  Roach  
  145  7:34  Roach x5  
  134  7:49  Roach  
  134  7:50  Roach x6  
  128  8:06  Roach x7  
  134  8:19  Roach  
  137  8:20  Roach x3  
  132  8:31  Roach x7  
  133  8:46  Hatchery  
Show
View Real Time Build Order
Export as new Build Order

Genix Protoss 

Build Orders: Nexus First 

Get SALT Encoding   

  12  0:01  Probe (Chrono Boost)  
  13  0:11  Probe (Chrono Boost)  
  14  0:18  Pylon  
  14  0:23  Probe (Chrono Boost)  
  15  0:36  Probe (Chrono Boost)  
  16  0:47  Probe (Chrono Boost)  
  17  0:58  Nexus  
  18  1:09  Gateway  
  17  1:13  Probe (Chrono Boost)  
  18  1:23  Probe (Chrono Boost)  
  18  1:24  Assimilator  
  19  1:30  Assimilator  
  19  1:34  Probe (Chrono Boost)  
  20  1:40  Gateway  
  20  1:44  Probe (Chrono Boost)  
  21  1:57  Cybernetics Core  
  21  1:58  Probe (Chrono Boost)  
  22  2:09  Probe (Chrono Boost)  
  22  2:11  Probe (Chrono Boost)  
  24  2:20  Probe (Chrono Boost)  
  24  2:21  Probe (Chrono Boost)  
  25  2:30  Probe (Chrono Boost)  
  25  2:31  Probe (Chrono Boost)  
  25  2:34  Adept x2 (Chrono Boost)  
  25  2:36  Warp Gate  
  31  2:42  Mothership Core (Chrono Boost)  
  33  2:47  Probe (Chrono Boost)  
  34  2:54  Pylon  
  34  2:59  Probe (Chrono Boost)  
  34  3:02  Probe (Chrono Boost)  
  36  3:07  Sentry  
  36  3:12  Sentry, Probe (Chrono Boost)  
  41  3:13  Probe (Chrono Boost), Pylon  
  42  3:22  Probe (Chrono Boost)  
  42  3:24  Probe (Chrono Boost)  
  44  3:33  Probe (Chrono Boost)  
  46  3:34  Probe (Chrono Boost)  
  46  3:44  Probe (Chrono Boost)  
  46  3:45  Probe (Chrono Boost), Nexus  
  48  3:49  Pylon  
  48  3:51  Pylon  
  48  3:52  Sentry  
  48  3:53  Sentry  
  52  3:57  Probe x2 (Chrono Boost)  
  54  4:09  Probe x2 (Chrono Boost)  
  56  4:11  Assimilator x2  
  56  4:13  Forge  
  56  4:22  Twilight Council  
  54  4:27  Probe x2 (Chrono Boost)  
  54  4:33  Gateway  
  54  4:34  Gateway  
  54  4:36  Gateway  
  54  4:40  Probe x2 (Chrono Boost)  
  56  4:50  Adept x2  
  56  4:51  Probe x2 (Chrono Boost)  
  62  4:54  Charge  
  62  4:55  Pylon  
  62  4:56  Probe (Chrono Boost)  
  63  5:02  Probe x2 (Chrono Boost), Protoss Ground Weapons Level 1 (Chrono Boost)  
  65  5:08  Probe  
  65  5:14  Probe  
  67  5:15  Probe  
  67  5:18  Probe  
  67  5:21  Adept x2  
  73  5:26  Probe  
  74  5:29  Probe x2  
  74  5:30  Adept x2  
  74  5:31  Adept  
  82  5:38  Probe  
  82  5:39  Probe  
  82  5:41  Probe  
  85  5:44  Assimilator  
  85  5:48  Robotics Facility  
  85  5:50  Assimilator  
  85  5:51  Probe  
  85  5:52  Probe, Pylon  
  85  5:53  Probe  
  88  6:04  Gateway x2, Probe  
  88  6:05  Probe x2  
  88  6:06  Gateway  
  91  6:14  Pylon  
  91  6:19  Probe  
  91  6:20  Probe x2  
  94  6:32  Zealot x5  
  94  6:37  Robotics Facility  
  94  6:40  Pylon  
  94  6:42  Immortal (Chrono Boost), Pylon  
  94  6:48  Templar Archives  
  94  6:49  Gateway  
  94  6:50  Pylon  
  94  6:51  Pylon  
  94  6:58  Zealot x4  
  94  6:59  Zealot  
  104  7:05  Pylon  
  102  7:16  Observer (Chrono Boost)  
  102  7:19  Zealot x5  
  102  7:22  Zealot x3  
  119  7:25  Observer (Chrono Boost)  
  98  7:40  Zealot x5  
  90  7:45  Zealot x3  
  90  7:58  Immortal (Chrono Boost)  
  86  8:00  Zealot x5  
  90  8:10  High Templar  
  90  8:12  Zealot, High Templar  
  78  8:16  Archon  
  66  8:21  Zealot x4  
  66  8:22  Zealot x2  
  72  8:32  Mothership Core  
  70  8:35  Zealot  
  70  8:42  High Templar  
  70  8:43  High Templar x3  
  70  8:44  Zealot x3  
  70  8:47  Archon x2  
  66  8:48  Zealot  
Tags
 
Add a new tag
Caveats
  • Supply blocks, unpowered buildings, or Contaminate may cause inaccurate times.
  • Supply counts are checked every 10 seconds.